 Dungeon Crawl Stone Soup version 0.31-a0-743-g45f7035092 (webtiles) character file.

Game seed: 5768923531360630915

134 CowFu the Ruffian (level 4, -2/36 HPs)
             Began as a Draconian Shapeshifter on Sept 12, 2023.
             Slain by Pikel
             ... wielding a +2 whip of freezing
              (8 damage)
             ... on level 4 of the Dungeon.
             The game lasted 00:02:10 (2247 turns).

CowFu the Ruffian (Draconian Shapeshifter)          Turns: 2247, Time: 00:02:10

Health: -2/36      AC:  5    Str: 15 (16) XL:     4   Next: 95%
Magic:  4/4        EV: 12    Int:  9 (11) God:
Gold:   198        SH:  0    Dex: 10 (12) Spells: 3/3 levels left

rFire   . .          .
                       - Unarmed
rCold   . . .        (no shield)
rNeg    . . .        (body armour unavailable)
rPois   .            (helmet currently unavailable)
rElec   .            (cloak currently unavailable)
rCorr   .            (gloves currently unavailable)
SInv    .            (boots currently unavailable)
Will    .....        (no amulet)
Stlth   +            (no ring)
HPRegen 0.26/turn    (no ring)
MPRegen 0.09/turn

%: no passive effects
@: beast-form
A: beast (slay +2), AC +5, unfitting armour, cold-blooded
a: Begin Untransformation


You were on level 4 of the Dungeon.
You were a hulking beast.
You visited 1 branch of the dungeon, and saw 4 of its levels.

You collected 198 gold pieces.

Inventory:

Talismans
 b - a beast talisman (active)
 c - a flux talisman
Scrolls
 d - a scroll of fear {unknown}
 e - 2 scrolls of enchant armour {unknown}
 f - a scroll of torment {unknown}
 g - a scroll of vulnerability {unknown}
 i - 3 scrolls of identify {unknown}
 k - 2 scrolls of poison {unknown}
 l - a scroll of teleportation {unknown}
Potions
 a - 2 potions of lignification
 h - a potion of degeneration
 j - a potion of curing


   Skills:
 - Level 2.0 Fighting
 - Level 1.7 Dodging
 + Level 4.3 Unarmed Combat
 + Level 4.2 Shapeshifting


You had 3 spell levels left.
You didn't know any spells.
Your spell library was empty.

Dungeon Overview and Level Annotations

Branches:
Dungeon (4/15)
 Temple: D:4-7

Altars:

Annotations:
D:2 Sigmund
D:4 Pikel


Innate Abilities, Weirdness & Mutations

You are a hulking beast.
Your limbs bulge with bestial killing power. (Slay +2)
Your plain brown scales are hard. (AC +5)
You cannot fit into any form of body armour.
You are cold-blooded and may be slowed by cold attacks.


Message History

You see here a wand of roots (11).
You closely miss the lemure.
It was a potion of degeneration.
There was something very wrong with that liquid.
You feel weakened.
You feel dopey.
You feel clumsy.
It was a potion of curing.
You feel better. Pikel hits you but does no damage.
You barely miss Pikel.
Pikel hits you with a +2 whip of freezing.
You feel yourself slow down. Pikel freezes you.
You hit Pikel but do no damage.
Pikel says, "You'll burn in Gehenna!"
Pikel hits you with a +2 whip of freezing!
You feel as though you will be slow longer.
Pikel freezes you. Pikel barely misses you.
You hit Pikel.
Pikel is lightly wounded.
Pikel barely misses you.
You hit Pikel.
Pikel is lightly wounded.
Pikel misses you.
You hit Pikel.
Pikel is moderately wounded.
You feel yourself speed up. Pikel hits you but does no damage.
Pikel misses you.
You closely miss Pikel. You tail-slap Pikel, but do no damage.
Pikel is moderately wounded.
Pikel misses you.
You hit Pikel but do no damage.
Your tail-slap misses Pikel.
Pikel is moderately wounded.
Pikel hits you with a +2 whip of freezing!
* * * LOW HITPOINT WARNING * * *
Pikel freezes you.
* * * LOW HITPOINT WARNING * * *
You hit Pikel.
Pikel is moderately wounded.
You hit Pikel.
Pikel is heavily wounded.
Pikel hits you with a +2 whip of freezing!
You die...
Pikel says, "See you in Hell!"

## .#.. .#...
.#.... ...... ..
#..###......
#.##..#[#....
#......5..#
##... #55.#
#...†###5##..$..
#.>...##K# ...
##.#....#h##..#
.
........<......#
###..#..####..##
##.#### .## # #


You could see Pikel and 4 lemures.

Vanquished Creatures
  An orc priest (D:3)
  An orc wizard (D:3)
  An adder (D:3)
  2 dart slugs
  3 orcs (D:3)
  6 endoplasms
  4 giant cockroaches
  3 goblins
  5 hobgoblins
  4 jackals (D:1)
  7 ball pythons
  6 bats
  4 frilled lizards
  9 kobolds
  9 rats
65 creatures vanquished.

Notes
Turn   | Place    | Note
-------+----------+-------------------------------------------
     0 | D:1      | CowFu the Draconian Shapeshifter began the quest for the
                  | Orb.
     0 | D:1      | Reached XP level 1. HP: 16/16 MP: 1/1
    69 | D:1      | Reached XP level 2. HP: 20/23 MP: 2/2
   543 | D:1      | Reached XP level 3. HP: 25/29 MP: 3/3
  1073 | D:2      | You fall into a shaft and drop 1 floor!
  1256 | D:2      | Noticed Sigmund
  1589 | D:3      | Reached XP level 4. HP: 28/36 MP: 4/4
  2229 | D:4      | Noticed a lemure
  2229 | D:4      | Noticed a lemure
  2230 | D:4      | Noticed Pikel
  2230 | D:4      | Noticed a lemure
  2231 | D:4      | Noticed a lemure
  2247 | D:4      | Slain by Pikel

Illustrated notes

Levels and vault maps discovered:
D:1:      roderic_chinese_lattice_arrival, layout_basic
D:2:      layout_loops_corners, chequers_serial_rivers_micro_e,
          kennysheep_jessica_study, uniq_sigmund
D:3:      kennysheep_big_flooded_room, layout_basic,
          hangedman_abyss_or_decor_lesser_grid, minmay_fractal_squares_5
D:4:      layout_cave_pools, gammafunk_ghost_stat_death,
          kennysheep_generic_room_7, uniq_edmund, uniq_pikel

Skill      XL: |  1  2  3  4 |
---------------+-------------+-----
Fighting       | 2 |  2.0
Unarmed Combat | 4 |  4.3
Shapeshifting  | 4 |  4.2
Dodging        | |  1.7

Action                     |  1- 3 |  4- 6 || total
---------------------------+-------+-------++-------
  Melee: Unarmed           |   107 |    59 ||   166
         Tailslap          |    12 |     4 ||    16
         Punch             |     6 |       ||     6
    Use: Potion            |       |     2 ||     2
   Stab: Sleeping          |     1 |       ||     1
 Armour: Skin              |    63 |    31 ||    94
  Dodge: Dodged            |    76 |    31 ||   107

Table legend: (Time is in decaauts)
 A = Elapsed time spent in this place.
 B = Non-inter-level travel time spent in this place.
 C = Inter-level travel time spent in this place.
 D = Time resting spent in this place.
 E = Time spent auto-exploring this place.
 F = Levels seen in this place.
 G = Mean time per level.
                   A        B        C        D        E       F      G
               +--------+--------+--------+--------+--------+-----+--------+
         Total |   2237 |   2149 |     88 |      0 |   1786 |   4 |  559.2 |
       Dungeon |   2237 |   2149 |     88 |      0 |   1786 |   4 |  559.2 |
               +--------+--------+--------+--------+--------+-----+--------+

Top non-repeatable levels by time:
     D:3: 1022 daAuts
     D:1: 1000 daAuts
     D:2: 189 daAuts
     D:4: 24 daAuts
